 Dungeon Sprint DCSS version 0.31-a0-18-gea43df2a32 (webtiles) character file.

Game seed: 5139173477978622562

256 sircluck the Covert (level 6, -1/39 HPs)
             Began as a Kobold Brigand on May 9, 2023.
             Was a Believer of Dithmenos.
             Succumbed to a scorpion's poison
             ... in the Dungeon (Sprint VII: "The Pits").
             The game lasted 00:00:53 (158 turns).

sircluck the Covert (Kobold Brigand)                 Turns: 158, Time: 00:00:54

Health: -1/39      AC:  3    Str: 10    XL:     6   Next: 38%
Magic:  6/6        EV: 15    Int: 12    God:    Dithmenos [**....]
Gold:   0          SH:  0    Dex: 17    Spells: 5/5 levels left

rFire   . . .        a - +2 dagger
rCold   . . .        (no shield)
rNeg    . . .        b - +0 robe
rPois   .            (no helmet)
rElec   .            c - +0 cloak
rCorr   .            (no gloves)
SInv    .            (no boots)
Will    .....        (no amulet)
Stlth   +++++++++    (no ring)
HPRegen 0.26/turn    (no ring)
MPRegen 0.10/turn

%: no teleportation
@: lethally poisoned (-1 -> -3), on berserk cooldown, slowed, wreathed by umbra,
very slow
A: small, no large weapons, nightstalker 3
a: Renounce Religion, Shadow Step


You were in the Dungeon.
You worshipped Dithmenos.
Dithmenos was pleased with you.
You visited 1 branch

Inventory:

Hand Weapons
 a - a +2 dagger (weapon)
Missiles
 d - 9 poisoned darts (quivered)
 e - 3 curare-tipped darts
 o - 10 stones
Armour
 b - a +0 robe (worn)
 c - a +0 cloak (worn)
Scrolls
 k - a scroll of blinking
 m - 5 scrolls of amnesia
 n - a scroll of butterflies
Potions
 h - a potion of haste
 i - 4 potions of magic
 j - 2 potions of berserk rage
 l - 2 potions of invisibility


   Skills:
 + Level 4.7 Fighting
 + Level 6.8 Short Blades
 + Level 4.3 Throwing
 + Level 2.4 Dodging
 + Level 14.6 Stealth


You had 5 spell levels left.
You didn't know any spells.
Your spell library was empty.

Dungeon Overview and Level Annotations

Branches:
Dungeon (1/1)

Altars:
Ashenzari
Cheibriados
Dithmenos
Elyvilon
Fedhas
Gozag
Hepliaklqana
Kikubaaqudgha
Makhleb
Nemelex Xobeh
Okawaru
Qazlal
Ru
Sif Muna
Trog
Uskayaw
Vehumet
Wu Jian
Xom
Yredelemnul
Zin
The Shining One
Jiyva
Lugonu


Innate Abilities, Weirdness & Mutations

You are small and have problems with some larger weapons.
You are completely attuned to the shadows.


Message History

You feel very sick.
You hit the iron imp.
The iron imp is lightly wounded.
* * * LOW HITPOINT WARNING * * *
You feel sick. The iron imp barely misses you.
You puncture the iron imp!
The iron imp is severely wounded.
* * * LOW HITPOINT WARNING * * *
You feel sick.
You hit the iron imp.
The iron imp is almost dead.
* * * LOW HITPOINT WARNING * * *
You feel sick. The iron imp hits you.
* * * LOW HITPOINT WARNING * * *
You puncture the iron imp!
You kill the iron imp!
Dithmenos accepts your kill.
You can now step into the shadows of nearby creatures.
* * * LOW HITPOINT WARNING * * *
You feel sick.
* * * LOW HITPOINT WARNING * * *
You feel sick.
There is an open door here.
You see here a scorpion corpse.
You feel a strong urge to attack something.
* * * LOW HITPOINT WARNING * * *
You feel sick.
* * * LOW HITPOINT WARNING * * *
You feel sick.
You feel your anger nearly subside.
You are no longer berserk.
You are exhausted.
You feel yourself slow down.
* * * LOW HITPOINT WARNING * * *
You feel sick.
* * * LOW HITPOINT WARNING * * *
You feel sick.
Unknown command.
Unknown command.
Unknown command.
You die...

#.?..')))'.##......#..#...
##########.##.............
.........'.............
#####'#####......#..#...
#Z.#...'.##.............
#..#...#.#####'#####++##
#..#####.##.......##++#
#..'..)#.##.......##..S
#..'†..@.##.......##.H.
#..########...<...# #..
#.......# #.. #.......#
#.......# #########


There were no monsters in sight!

Vanquished Creatures
  A floating eye (D)
  2 scorpions (D)
  An iron imp (D)
  An endoplasm (D)
  A goblin (D)
  A hobgoblin (D)
  A quokka (D)
8 creatures vanquished.

Notes
Turn   | Place    | Note
-------+----------+-------------------------------------------
     0 | D        | sircluck the Kobold Brigand began the quest for the Orb.
     0 | D        | Reached XP level 1. HP: 12/12 MP: 1/1
    16 | D        | Noticed a manticore
    30 | D        | Noticed a floating eye
    33 | D        | Killed a floating eye
    34 | D        | Reached skill level 11 in Stealth
    34 | D        | Reached XP level 2. HP: 19/19 MP: 2/2
    34 | D        | Reached XP level 3. HP: 23/23 MP: 3/3
    34 | D        | Reached XP level 4. HP: 28/28 MP: 4/4
    34 | D        | Reached XP level 5. HP: 32/32 MP: 5/5
    62 | D        | Found a bloodstained altar of Trog.
    62 | D        | Found a shimmering blue altar of Sif Muna.
    62 | D        | Found a viscous altar of Jiyva.
    62 | D        | Found a hazy altar of Hepliaklqana.
    62 | D        | Found an opulent altar of Gozag.
    63 | D        | Found a glowing golden altar of the Shining One.
    63 | D        | Found a glowing silver altar of Zin.
    63 | D        | Found a sacrificial altar of Ru.
    63 | D        | Found a stormy altar of Qazlal.
    63 | D        | Found a blossoming altar of Fedhas.
    65 | D        | Found a basalt altar of Yredelemnul.
    65 | D        | Found an iron altar of Okawaru.
    65 | D        | Found a white marble altar of Elyvilon.
    66 | D        | Found a shimmering altar of Xom.
    66 | D        | Found a sparkling altar of Nemelex Xobeh.
    66 | D        | Found a shadowy altar of Dithmenos.
    67 | D        | Found an ornate altar of the Wu Jian Council.
    67 | D        | Found a burning altar of Makhleb.
    67 | D        | Found a snail-covered altar of Cheibriados.
    69 | D        | Found a corrupted altar of Lugonu.
    69 | D        | Found a radiant altar of Vehumet.
    71 | D        | Found a broken altar of Ashenzari.
    71 | D        | Found an ancient bone altar of Kikubaaqudgha.
    71 | D        | Found a hide-covered altar of Uskayaw.
    73 | D        | Became a worshipper of Dithmenos the Shadowed
   102 | D        | Reached * piety under Dithmenos
   106 | D        | Reached skill level 5 in Short Blades
   106 | D        | Reached skill level 13 in Stealth
   147 | D        | Reached skill level 14 in Stealth
   147 | D        | Reached XP level 6. HP: 12/39 MP: 6/6
   152 | D        | Reached ** piety under Dithmenos
   156 | D        | HP: 1/39 [poisoned by a scorpion]
   158 | D        | Succumbed to a scorpion's poison

Illustrated notes

Levels and vault maps discovered:
D:        pitsprint [storerooms_1, entrance_room_1, metal_vault_6, armoury_1,
          mini_pit_1, grid_room_1, main_hall_1, silver_pit, the_coven_3,
          the_vestibule_1, steel_vault_2, golden_pit, hallway_of_sentries,
          crystal_vault_4, iron_vault_2, final_vault]

Skill      XL: |  1  2  3  4  5 |
---------------+----------------+-----
Fighting       | 3 4 |  4.7
Short Blades   | 4 6 |  6.8
Throwing       | 3 4 |  4.3
Stealth        | 11 14 | 14.6
Dodging        | 2 |  2.4

Action                     |  1- 3 |  4- 6 || total
---------------------------+-------+-------++-------
  Melee: Dagger            |     1 |    42 ||    43
    Use: Potion            |       |     3 ||     3
   Stab: Sleeping          |     1 |     2 ||     3
 Armour: Robe              |       |     2 ||     2
  Dodge: Dodged            |       |    28 ||    28

Table legend: (Time is in decaauts)
 A = Elapsed time spent in this place.
 B = Non-inter-level travel time spent in this place.
 C = Inter-level travel time spent in this place.
 D = Time resting spent in this place.
 E = Time spent auto-exploring this place.
 F = Levels seen in this place.
 G = Mean time per level.
                   A        B        C        D        E       F      G
               +--------+--------+--------+--------+--------+-----+--------+
         Total |    144 |    133 |     11 |      0 |     16 |   1 |  144.0 |
       Dungeon |    144 |    133 |     11 |      0 |     16 |   1 |  144.0 |
               +--------+--------+--------+--------+--------+-----+--------+

Top non-repeatable levels by time:
       D: 144 daAuts
